 Dungeon Crawl Stone Soup version 0.31-a0-268-g4392ee761c (webtiles) character file.

Game seed: 16256850027297011746

837 qw the Shooter (level 7, -1/43 HPs)
             Began as a Gargoyle Hexslinger on July 14, 2023.
             Was a Follower of Okawaru.
             Slain by a gnoll
             ... wielding a +0 whip
             ... led by a gnoll bouda
              (6 damage)
             ... on level 6 of the Dungeon.
             The game lasted 00:01:29 (3473 turns).

qw the Shooter (Gargoyle Hexslinger)                Turns: 3473, Time: 00:01:29

Health: -1/43      AC: 12    Str: 11    XL:     7   Next: 99%
Magic:  7/9        EV: 18    Int: 14    God:    Okawaru [*.....]
Gold:   109        SH:  5    Dex: 14    Spells: 7/8 levels left

rFire   . . .        Y - +2 sling (drain)
rCold   + . .        (no shield)
rNeg    + . .        e - +0 ring mail
rPois   inf          (no helmet)
rElec   +            g - +0 cloak of Uquown {Fly Will- Stlth+}
rCorr   .            (no gloves)
SInv    .            (no boots)
Will    .....        c - amulet of reflection
Stlth   +++          d - +5 ring of evasion
HPRegen 0.27/turn    a - ring of protection from cold
MPRegen 0.11/turn

%: reflection
@: heroic, flying
A: sickness immunity, AC +4, negative energy resistance 1, electricity
resistance, torment resistance 1, petrification resistance
a: Renounce Religion, Heroism


You were on level 6 of the Dungeon.
You worshipped Okawaru.
Okawaru was aware of your devotion.
You visited 1 branch of the dungeon, and saw 6 of its levels.

You collected 136 gold pieces.
You spent 27 gold pieces at shops.


Innate Abilities, Weirdness & Mutations

You are immune to sickness and miasma.
Your stone body is resilient. (AC +4)
You are immune to poison.
You resist negative energy. (rN+)
You are resistant to electric shocks. (rElec)
You are resistant to unholy torment.
You are immune to petrification.


   Skills:
 - Level 4.1(9.1) Fighting
 + Level 7.2(12.2) Ranged Weapons
 - Level 1.0(6.0) Armour
 - Level 1.5(6.5) Dodging
 - Level 1.0 Spellcasting
 - Level 2.6 Hexes
 + Level 3.4 Invocations


You had 7 spell levels left.
You knew the following spells:

 Your Spells              Type           Power      Damage    Failure   Level
a - Slow                  Hex            32%        N/A       19%         1

Your spell library contained the following spells:

 Spells                   Type           Power      Damage    Failure   Level
 Inner Flame              Hex/Fire       4%         N/A       67%         3
 Portal Projectile        Hex/Tloc       8%         N/A       67%         3
 Cause Fear               Hex            4%         N/A       88%         4

Inventory:

Hand Weapons
 Y - a +2 sling of draining (weapon)
Armour
 e - a +0 ring mail (worn)
 g - the +0 cloak of Uquown (worn) {Fly Will- Stlth+}
   (You acquired it on level 2 of the Dungeon)

   Fly:       It grants you flight.
   Will:      It decreases your willpower.
   Stlth:     It makes you more stealthy.
Jewellery
 a - a ring of protection from cold (right hand)
 c - an amulet of reflection (around neck)
 d - a +5 ring of evasion (left hand)
Wands
 m - a wand of digging (5)
Scrolls
 f - a scroll of identify
 n - a scroll of enchant armour
Potions
 b - a potion of cancellation {unknown}
 h - a potion of curing
 j - a potion of magic
 k - 2 potions of enlightenment

Dungeon Overview and Level Annotations

Branches:
Dungeon (7/15)             Temple (0/1) D:6

Altars:
Cheibriados
Fedhas
Okawaru
Ru
Trog
Xom

Shops:
D:3 *=   D:4 *

Annotations:
D:7 3 runed translucent doors, qw's ghost, novice GrHs


Message History

The gnoll bouda is moderately wounded.
The adder bites you. The gnoll hits you but does no damage.
You block the gnoll's attack. The gnoll hits you with a +0 whip.
The gnoll closely misses you. The adder bites you.
You block the gnoll bouda's attack.
You shoot a sling bullet. The sling bullet hits the gnoll bouda.
You drain the gnoll bouda.
The gnoll bouda is severely wounded.
Your attacks no longer feel as feeble.
The gnoll barely misses you. The adder bites you but does no damage.
The gnoll completely misses you. You block the gnoll's attack.
The gnoll barely misses you.
The gnoll bouda barks out a call to the hunt!
The gnoll picks up the pace!
You shoot a sling bullet. The sling bullet hits the gnoll bouda!
You kill the gnoll bouda!
Okawaru accepts your kill. The adder barely misses you.
The gnoll hits you but does no damage. You block the gnoll's attack.
The gnoll hits you with a +0 whip. The gnoll hits you but does no damage.
You shoot a sling bullet. The sling bullet hits the gnoll.
You drain the gnoll.
The gnoll is moderately wounded.
The adder misses you.
The gnoll hits you from afar with a +0 spear.
The gnoll misses you. x2; The gnoll completely misses you.
You shoot a sling bullet.
The sling bullet barely misses the gnoll.
The adder bites you but does no damage. The gnoll misses you.
The gnoll completely misses you. The adder misses you.
The gnoll completely misses you.
You shoot a sling bullet. The sling bullet hits the gnoll.
The gnoll is moderately wounded.
You block the gnoll's attack. The gnoll barely misses you.
The adder bites you but does no damage. The gnoll hits you with a +0 flail.
You shoot a sling bullet.
The sling bullet hits the gnoll but does no damage.
You drain the gnoll.
The gnoll is severely wounded.
The gnoll is no longer moving quickly.
The gnoll hits you with a +0 whip.
You die...

##......#.
##.....?..##
#......?...#
#..........#
#........$.#
#....g.....#
#..ggg<.[.$.
#.)@%....!.
#..%S......#
#..........#
#....((....#
#..........#
#..........#
##.!......##
##.#######
#.#8[..8#


You could see 4 gnolls and an adder.

Vanquished Creatures
  2 water moccasins (D:6)
  A sky beast (D:7)
  An ogre (D:7)
  A kobold brigand (D:7)
  A gnoll sergeant (D:7)
  3 hounds
  An orc priest (D:4)
  Jessica (D:2)
  A gnoll bouda (D:6)
  5 gnolls (D:7)
  3 adders (D:4)
  2 dart slugs
  9 orcs
  7 ball pythons
  6 bats
  5 endoplasms
  2 giant cockroaches (D:1)
  2 goblins
  6 hobgoblins
  4 jackals
  10 kobolds
  A quokka (D:3)
  6 frilled lizards
  2 rats
82 creatures vanquished.

Vanquished Creatures (others)
  A wizard (D:3)
1 creature vanquished.

Grand Total: 83 creatures vanquished

Notes
Turn   | Place    | Note
-------+----------+-------------------------------------------
     0 | D:1      | qw the Gargoyle Hexslinger began the quest for the Orb.
     0 | D:1      | Reached XP level 1. HP: 12/12 MP: 2/2
     0 | D:1      | 0 ||| qw: Version: 0.3-a-52-g30416fa
     0 | D:1      | 0 ||| qw: Game counter: 7928
     0 | D:1      | 0 ||| qw: Melee chars always use a shield: true
     0 | D:1      | 0 ||| qw: God list: Okawaru
     0 | D:1      | 0 ||| qw: Allow faded altars: false
     0 | D:1      | 0 ||| qw: Do Orc after clearing Dungeon:15 true
     0 | D:1      | 0 ||| qw: Do second Lair branch before Depths: true
     0 | D:1      | 0 ||| qw: Lair rune preference: random
     0 | D:1      | 0 ||| qw: Goals: Normal
     0 | D:1      | 0 ||| PLANNING D:1-11
   217 | D:1      | 217 ||| FLEEEEING.
   218 | D:1      | 218 ||| FLEEEEING.
   219 | D:1      | 219 ||| FLEEEEING.
   220 | D:1      | 220 ||| FLEEEEING.
   221 | D:1      | 221 ||| FLEEEEING.
   222 | D:1      | 222 ||| FLEEEEING.
   223 | D:1      | 223 ||| FLEEEEING.
   224 | D:1      | 224 ||| FLEEEEING.
   225 | D:1      | 225 ||| FLEEEEING.
   226 | D:1      | 226 ||| FLEEEEING.
   227 | D:1      | 227 ||| FLEEEEING.
   228 | D:1      | 228 ||| FLEEEEING.
   229 | D:1      | 229 ||| FLEEEEING.
   230 | D:1      | 230 ||| FLEEEEING.
   231 | D:1      | 231 ||| FLEEEEING.
   232 | D:1      | 232 ||| FLEEEEING.
   233 | D:1      | 233 ||| FLEEEEING.
   234 | D:1      | 234 ||| FLEEEEING.
   235 | D:1      | 235 ||| FLEEEEING.
   236 | D:1      | 236 ||| FLEEEEING.
   237 | D:1      | 237 ||| FLEEEEING.
   238 | D:1      | 238 ||| FLEEEEING.
   239 | D:1      | 239 ||| FLEEEEING.
   240 | D:1      | 240 ||| FLEEEEING.
   241 | D:1      | 241 ||| FLEEEEING.
   242 | D:1      | 242 ||| FLEEEEING.
   243 | D:1      | 243 ||| FLEEEEING.
   244 | D:1      | 244 ||| FLEEEEING.
   245 | D:1      | 245 ||| FLEEEEING.
   249 | D:1      | 249 ||| FLEEEEING.
   251 | D:1      | Reached XP level 2. HP: 15/16 MP: 3/3
   402 | D:1      | Reached skill level 3 in Ranged Weapons
   521 | D:1      | Reached XP level 3. HP: 21/21 MP: 4/4
   971 | D:1      | 971 ||| UPGRADING to +0 ring mail.
   981 | D:1      | 981 ||| DROPPING +0 robe.
   982 | D:1      | 982 ||| UPGRADING to +5 ring of evasion.
   983 | D:1      | 983 ||| READING scroll labelled XYQATHAOHA.
   984 | D:1      | 984 ||| READING scroll labelled TIFOUMMO FAB LAR.
   985 | D:1      | 985 ||| DROPPING scroll of poison.
  1132 | D:2      | Identified the +5 scale mail of Dishonesty {rCorr}
  1392 | D:2      | Noticed Jessica
  1400 | D:2      | Killed Jessica
  1401 | D:2      | Reached XP level 4. HP: 15/26 MP: 5/5
  1624 | D:2      | Found a shimmering altar of Xom.
  1666 | D:2      | 1666 ||| UPGRADING to ring of protection from cold.
  1667 | D:2      | 1667 ||| READING scroll labelled KYOLOCRIUDY.
  1667 | D:2      | Identified a scroll of acquirement
  1667 | D:2      | 1667 ||| ACQUIRING +0 cloak of Uquown {Fly Will- Stlth+}
  1667 | D:2      | Acquired the +0 cloak of Uquown {Fly Will- Stlth+}
  1669 | D:2      | 1669 ||| UPGRADING to +0 cloak of Uquown {Fly Will-
                  | Stlth+}.
  1674 | D:2      | 1674 ||| DRINKING 2 fizzy silvery potions.
  1675 | D:2      | 1675 ||| DROPPING potion of brilliance.
  1858 | D:3      | Reached skill level 1 in Armour
  1868 | D:3      | HP: 5/26 [orc/+2 mace of holy wrath (4)]
  1869 | D:3      | Reached skill level 4 in Ranged Weapons
  2048 | D:3      | Found a sacrificial altar of Ru.
  2060 | D:3      | Found an iron altar of Okawaru.
  2061 | D:3      | 2061 ||| PLANNING OKAWARU WORSHIP
  2061 | D:3      | 2061 ||| READING scroll labelled ADOQEW NALEPI.
  2062 | D:3      | 2062 ||| READING scroll labelled LOWOFO VOTSY.
  2063 | D:3      | 2063 ||| READING scroll labelled TIKAGR IROHE.
  2064 | D:3      | 2064 ||| READING scroll labelled DAFORA FANTEG.
  2065 | D:3      | 2065 ||| DRINKING 2 metallic emerald potions.
  2066 | D:3      | 2066 ||| READING 3 scrolls of identify.
  2066 | D:3      | 2066 ||| IDENTIFYING fuming yellow potion
  2067 | D:3      | 2067 ||| READING 2 scrolls of identify.
  2067 | D:3      | 2067 ||| IDENTIFYING gluggy clear potion
  2068 | D:3      | 2068 ||| DROPPING potion of degeneration.
  2072 | D:3      | Became a worshipper of Warmaster Okawaru
  2073 | D:3      | 2073 ||| PLANNING D:1-11
  2202 | D:3      | Found Ymmaputu's General Store.
  2373 | D:3      | Found Inoisov's Jewellery Emporium.
  2384 | D:3      | 2384 ||| SHOPLISTING +4 ring of protection (396 gold, have
                  | 95).
  2384 | D:3      | 2384 ||| SHOPLISTING amulet of Ychothre {Acrobat Drain
                  | Fragile rElec rCorr Str+8} (607 gold, have 95).
  2384 | D:3      | 2384 ||| SHOPLISTING ring of fire (275 gold, have 95).
  2384 | D:3      | 2384 ||| SHOPLISTING ring of protection from fire (275
                  | gold, have 95).
  2384 | D:3      | 2384 ||| SHOPLISTING ring of the Hare {EV+10} (1408 gold,
                  | have 95).
  2421 | D:3      | Found a bloodstained altar of Trog.
  2423 | D:3      | Noticed a wizard
  2428 | D:3      | Killed a wizard
  2552 | D:3      | 2552 ||| READING scroll labelled AWKAUBR BOST.
  2589 | D:4      | Found Bion's Assorted Antiques.
  2604 | D:4      | 2604 ||| SHOPLISTING pair of fine gloves (256 gold, have
                  | 95).
  2604 | D:4      | 2604 ||| BUYING scroll labelled COUCLO DUTAAKO (27 gold).
  2604 | D:4      | Bought a scroll labelled COUCLO DUTAAKO for 27 gold pieces
  2604 | D:4      | 2604 ||| SHOPLISTING scroll of enchant armour (202 gold,
                  | have 68).
  2639 | D:4      | Reached XP level 5. HP: 30/30 MP: 6/6
  2761 | D:4      | Reached skill level 5 in Ranged Weapons
  2790 | D:4      | You are sucked into a shaft and drop 3 floors!
  2915 | D:7      | Noticed a sky beast
  2933 | D:7      | Killed a sky beast
  2934 | D:7      | Reached XP level 6. HP: 34/38 MP: 7/7
  2958 | D:7      | HP: 2/38 [ogre/+0 giant club (25)]
  2959 | D:7      | 2959 ||| DRINKING 2 potions of heal wounds.
  3045 | D:7      | 3045 ||| UPGRADING to amulet of reflection.
  3050 | D:7      | 3050 ||| READING scroll labelled COUCLO DUTAAKO.
  3051 | D:7      | 3051 ||| DRINKING 2 emerald potions.
  3052 | D:7      | 3052 ||| READING 2 scrolls of identify.
  3052 | D:7      | 3052 ||| IDENTIFYING clear potion
  3062 | D:6      | Noticed a water moccasin
  3062 | D:6      | Found a staircase to the Ecumenical Temple.
  3070 | D:6      | Killed a water moccasin
  3070 | D:6      | Reached * piety under Okawaru
  3071 | D:6      | Reached skill level 6 in Ranged Weapons
  3071 | D:6      | Reached XP level 7. HP: 42/43 MP: 8/8
  3116 | D:7      | Reached skill level 1 in Invocations
  3236 | D:7      | Found a runed translucent gate.
  3236 | D:7      | Found a runed translucent gate.
  3236 | D:7      | Found a runed translucent gate.
  3241 | D:7      | Noticed qw's ghost (novice GrHs)
  3289 | D:7      | Found a snail-covered altar of Cheibriados.
  3297 | D:7      | Found a blossoming altar of Fedhas.
  3428 | D:7      | 3428 ||| READING scroll labelled TABLIT UMNOJOHUPT.
  3436 | D:7      | 3436 ||| STAIRDANCE
  3438 | D:6      | 3438 ||| INVOKING Heroism.
  3448 | D:6      | Reached skill level 7 in Ranged Weapons
  3448 | D:6      | Reached skill level 3 in Invocations
  3459 | D:6      | 3459 ||| INVOKING Heroism.
  3462 | D:6      | HP: 10/43 [gnoll/+0 spear[a gnoll bouda] (3)]
  3463 | D:6      | 3463 ||| DRINKING potion of heal wounds.
  3469 | D:6      | HP: 7/43 [gnoll/+0 whip[a gnoll bouda] (4)]
  3473 | D:6      | Slain by a gnoll

Levels and vault maps discovered:
D:1:      dpeg_arrival_concentric_ovals, layout_basic
D:2:      layout_loops_cross, basic_altar, uniq_jessica
D:3:      layout_loops_ring, amethyst_overflow_temple_binary, trog_wizard,
          serial_shops, shop, shop, grunt_decor_cap
D:4:      layout_basic, kennysheep_mini, serial_shops, shop, shop,
          nicolae_shop_crystal, nicolae_shop_tiny_real_fake_doors,
          nicolae_shop_tiny_real_fake_doors
D:6:      layout_rooms, minmay_temple_entry_from_below_b
D:7:      nicolae_cairo_tiling_large, layout_cave_pods,
          grunt_dithmenos_smoke_and_mirrors, mainiacjoe_overflow_big_doors,
          gammafunk_ghost_necromancy

Skill      XL: |  1  2  3  4  5  6  7 |
---------------+----------------------+-----
Ranged Weapons | 3 4 5 6 7 |  7.2
Fighting       | 2 4 |  4.1
Armour         | 1 |  1.0
Invocations    | 3 |  3.4
Dodging        | |  1.5
Spellcasting   | |  1.0
Hexes          | |  2.6

Action                     |  1- 3 |  4- 6 |  7- 9 || total
---------------------------+-------+-------+-------++-------
   Fire: Sling             |   109 |   149 |    79 ||   337
 Invoke: Heroism           |       |       |     2 ||     2
    Use: Scroll            |     2 |    10 |     1 ||    13
         Potion            |       |     4 |     1 ||     5
 Armour: Robe              |    12 |       |       ||    12
         Ring mail         |     3 |    41 |    48 ||    92
  Dodge: Dodged            |    24 |    83 |   134 ||   241
  Block: Other             |       |     2 |    42 ||    44

Table legend:
 A = Non-vault XP
 B = Vault XP
 C = Vault XP percentage of total XP
 D = Non-vault monster count
 E = Vault monster count
 F = Vault count percentage of total count
                 A         B        C        D         E       F
            +---------+---------+-------+---------+---------+-------
      Total |    1160 |      37 |   3.1 |      81 |       1 |   1.2
            +---------+---------+-------+---------+---------+-------
        D:1 |      50 |       0 |   0.0 |      30 |       0 |   0.0
        D:2 |       5 |      37 |  88.1 |       4 |       1 |  20.0
        D:3 |      46 |       0 |   0.0 |      22 |       0 |   0.0
        D:4 |      93 |       0 |   0.0 |       8 |       0 |   0.0
        D:6 |     416 |       0 |   0.0 |       5 |       0 |   0.0
        D:7 |     550 |       0 |   0.0 |      12 |       0 |   0.0
            +---------+---------+-------+---------+---------+-------
